Map: Dusk Towers

Players

State - Winner!

  • Race: Protoss Protoss
  • League: Grandmaster

Blade

  • Race: Protoss Protoss
  • League: Grandmaster

VOD

Have the link to the VOD?

Description

Time

  • Played on: Jan. 26, 2016, 2:13 p.m.
  • Length: 8:28
Show
View Real Time Build Order
Export as new Build Order

State Protoss - Winner!

Build Orders: Nexus First 

Get SALT Encoding   

  12  0:01  Probe (Chrono Boost)  
  13  0:12  Probe (Chrono Boost)  
  14  0:18  Pylon  
  14  0:22  Probe (Chrono Boost)  
  15  0:37  Probe (Chrono Boost)  
  16  0:47  Probe (Chrono Boost)  
  17  0:57  Nexus  
  17  1:01  Probe (Chrono Boost)  
  18  1:12  Gateway  
  18  1:14  Probe (Chrono Boost)  
  19  1:25  Assimilator  
  19  1:27  Probe (Chrono Boost)  
  19  1:31  Assimilator  
  20  1:38  Probe (Chrono Boost)  
  21  1:40  Gateway  
  21  1:48  Probe (Chrono Boost)  
  22  1:59  Probe (Chrono Boost)  
  23  2:03  Cybernetics Core  
  23  2:09  Probe (Chrono Boost)  
  23  2:11  Probe (Chrono Boost)  
  25  2:20  Probe (Chrono Boost)  
  25  2:21  Probe (Chrono Boost)  
  27  2:31  Probe (Chrono Boost)  
  27  2:33  Probe (Chrono Boost)  
  29  2:40  Stalker x2 (Chrono Boost)  
  29  2:44  Mothership Core  
  35  2:45  Probe  
  35  2:47  Warp Gate  
  36  2:51  Pylon  
  36  2:57  Probe (Chrono Boost)  
  37  3:00  Pylon  
  37  3:05  Probe (Chrono Boost)  
  38  3:09  Probe (Chrono Boost)  
  38  3:12  Pylon  
  39  3:16  Probe (Chrono Boost)  
  40  3:20  Probe (Chrono Boost)  
  40  3:23  Stalker x2  
  40  3:26  Probe (Chrono Boost)  
  46  3:31  Probe (Chrono Boost)  
  47  3:37  Probe (Chrono Boost)  
  48  3:43  Stargate  
  48  3:45  Probe (Chrono Boost)  
  48  3:47  Probe (Chrono Boost), Assimilator  
  50  3:51  Assimilator  
  50  3:53  Stargate  
  51  3:55  Probe (Chrono Boost)  
  51  3:58  Probe (Chrono Boost)  
  52  4:04  Pylon  
  52  4:06  Probe (Chrono Boost)  
  52  4:08  Probe (Chrono Boost)  
  54  4:16  Probe (Chrono Boost)  
  55  4:19  Probe (Chrono Boost)  
  56  4:24  Pylon  
  56  4:27  Probe (Chrono Boost)  
  56  4:29  Probe (Chrono Boost)  
  58  4:38  Robotics Facility  
  61  4:39  Pylon  
  61  4:40  Phoenix x2 (Chrono Boost)  
  61  4:48  Probe  
  61  4:51  Pylon  
  62  4:53  Stalker x2  
  66  5:02  Phoenix x2 (Chrono Boost)  
  70  5:20  Stalker x2  
  74  5:23  Pylon  
  74  5:25  Phoenix (Chrono Boost)  
  74  5:26  Phoenix (Chrono Boost)  
  74  5:27  Pylon  
  72  5:39  Cybernetics Core  
  72  5:40  Gateway  
  72  5:42  Gateway  
  72  5:45  Pylon  
  72  5:46  Pylon  
  72  5:49  Phoenix (Chrono Boost)  
  74  5:53  Phoenix (Chrono Boost)  
  74  5:55  Pylon  
  76  6:07  Zealot  
  76  6:10  Gateway x2  
  76  6:13  Gateway  
  76  6:27  Phoenix x2 (Chrono Boost)  
  76  6:31  Sentry  
  82  6:33  Pylon  
  82  6:35  Pylon  
  82  6:37  Immortal  
  86  6:45  Stalker  
  86  6:46  Stalker  
  89  7:13  Phoenix x2 (Chrono Boost)  
  89  7:14  Probe  
  94  7:16  Stalker x2  
  94  7:17  Stalker, Immortal  
  94  7:20  Zealot x2  
  106  7:27  Pylon  
  106  7:28  Pylon  
  106  7:37  Phoenix x2 (Chrono Boost)  
  110  7:42  Sentry  
  112  7:50  Mothership Core  
  114  7:53  Zealot x4  
  122  8:10  Zealot  
  124  8:15  Zealot  
  124  8:19  Zealot  
Show
View Real Time Build Order
Export as new Build Order

Blade Protoss 

Build Orders:  

Get SALT Encoding   

  12  0:00  Probe (Chrono Boost)  
  13  0:11  Probe (Chrono Boost)  
  14  0:22  Probe (Chrono Boost)  
  14  0:23  Pylon  
  15  0:41  Probe (Chrono Boost)  
  15  0:42  Gateway  
  16  0:47  Assimilator  
  16  0:52  Probe (Chrono Boost)  
  17  0:59  Gateway  
  17  1:03  Probe (Chrono Boost)  
  18  1:13  Probe (Chrono Boost)  
  19  1:24  Probe (Chrono Boost)  
  20  1:32  Cybernetics Core  
  20  1:33  Assimilator  
  20  1:34  Probe (Chrono Boost)  
  20  1:35  Pylon  
  21  1:45  Probe (Chrono Boost)  
  22  2:06  Warp Gate (Chrono Boost)  
  22  2:10  Adept (Chrono Boost)  
  22  2:13  Adept (Chrono Boost)  
  22  2:15  Robotics Facility  
  26  2:19  Pylon  
  30  2:38  Adept (Chrono Boost)  
  30  2:40  Adept (Chrono Boost)  
  30  2:48  Gateway x2  
  30  2:56  Mothership Core  
  32  3:06  Warp Prism (Chrono Boost)  
  34  3:17  Pylon  
  34  3:40  Observer  
  35  3:49  Pylon  
  35  4:04  Stalker  
  35  4:05  Stalker x3  
  43  4:11  Pylon  
  43  4:36  Stalker x3  
  43  4:37  Stalker  
  51  5:02  Stalker x3  
  51  5:04  Sentry  
  55  5:25  Stalker  
  55  5:26  Stalker  
  59  5:32  Stalker  
  61  5:38  Stalker  
  63  5:56  Pylon  
  63  6:09  Sentry  
  63  6:11  Stalker  
  63  6:18  Stalker x2  
  65  6:35  Stalker  
  65  6:36  Stalker  
  69  6:44  Stalker  
  65  7:10  Stalker  
  65  7:11  Stalker  
  65  7:12  Zealot x2  
  69  7:52  Stalker  
  54  8:13  Stalker x2  
  54  8:14  Stalker  
Tags
 
Add a new tag
Caveats
  • Supply blocks, unpowered buildings, or Contaminate may cause inaccurate times.
  • Supply counts are checked every 10 seconds.